 Dungeon Crawl Stone Soup version 0.30.0-5-g1a98f26d00 (webtiles) character file.

Game seed: 18410606469793495309

46 SnakkuSnakku7 the Firebug (level 3, 0/17 (18) HPs)
             Began as a Vine Stalker Fire Elementalist on May 13, 2023.
             Succumbed to a goblin's poison
             ... on level 3 of the Dungeon.
             The game lasted 00:02:03 (1480 turns).

SnakkuSnakku7 the Firebug (VSFE)                    Turns: 1480, Time: 00:02:03

HP:   0/17 (18)     AC:  4    Str: 18    XL:     3   Next: 66%
MP:   2/7           EV: 12    Int: 15    God:
Gold: 80            SH:  0    Dex: 14    Spells: 5/6 levels left

rFire   . .          .
                       - Unarmed
rCold   . . .        (no shield)
rNeg    . . .        a - +0 robe
rPois   .            (no helmet)
rElec   .            f - +1 cloak
rCorr   +            (no gloves)
SInv    .            (no boots)
Will    .....        (no amulet)
Stlth   ++           i - +6 ring of strength
HPRegen 0.22/turn    g - ring of resist corrosion
MPRegen 0.10/turn

%: guardian spirit
@: lethally poisoned (0 -> -3), drained
A: fangs 2, magic shield, antimagic bite, no potion heal 2
a: no special abilities


You were on level 3 of the Dungeon.
You visited 1 branch of the dungeon, and saw 3 of its levels.

You collected 80 gold pieces.

Inventory:

Missiles
 p - 5 poisoned darts (quivered)
Armour
 a - a +0 robe (worn)
 f - a +1 cloak (worn)
Jewellery
 g - a ring of resist corrosion (right hand)
 i - a +6 ring of strength (left hand)
Scrolls
 d - a scroll of fear {unknown}
 j - a scroll of amnesia {unknown}
 k - 2 scrolls of teleportation {unknown}
 l - a scroll of fog {unknown}
 n - a scroll of noise {unknown}
 o - a scroll of summoning {unknown}
 q - a scroll of identify {unknown}
Potions
 b - a potion of magic
 c - 2 potions of flight {unknown}
 e - 2 potions of curing {unknown}
 h - a potion of cancellation {unknown}
 m - a potion of haste {unknown}


   Skills:
 + Level 1.9 Fighting
 - Level 1.5 Dodging
 - Level 2.4 Stealth
 + Level 2.1 Unarmed Combat
 - Level 2.1 Spellcasting
 - Level 1.0 Conjurations
 - Level 3.0 Fire Magic


You had 5 spell levels left.
You knew the following spells:

 Your Spells              Type           Power      Damage    Failure   Level
a - Foxfire               Conj/Fire      28%        2x1d5     10%         1

Your spell library contained the following spells:

 Spells                   Type           Power      Damage    Failure   Level
 Scorch                   Fire           20%        2d5       10%         2
 Inner Flame              Hex/Fire       6%         N/A       34%         3
 Volatile Blastmotes      Fire/Tloc      12%        2d11      34%         3
 Summon Guardian Golem    Hex/Summ       1%         N/A       54%         3
 Flame Wave               Conj/Fire      7%         2d5       67%         4
 Yara's Violent Unravell  Hex/Tmut       0%         3d3       99%         5
 Enfeeble                 Hex            0%         N/A       100%        7
 Orb of Destruction       Conj           2%         9d5       100%        7
 Spellforged Servitor     Conj/Summ      1%         N/A       100%        7


Dungeon Overview and Level Annotations

Branches:
Dungeon (3/15)

Altars:

Annotations:
D:3 Robin


Innate Abilities, Weirdness & Mutations

You have extremely sharp teeth.
When hurt, damage is shared between your health and your magic reserves.
Your bite disrupts and absorbs the magic of your enemies.
Potions cannot restore your health.


Message History

The goblin barely misses you.
You climb upwards.
There is a stone staircase leading down here.
You hit the goblin but do no damage. Your bite misses the goblin.
The goblin hits you but does no damage.
You are poisoned.
You miss the goblin.
You feel very sick. The goblin closely misses you.
You barely miss the goblin.
You feel sick. The goblin hits you but does no damage.
You are lethally poisoned!
You barely miss the goblin. You bite the goblin.
You kill the goblin!
You feel very sick.
You feel very sick.
You see here a +0 dagger of venom.
You feel sick.
* * * LOW HITPOINT WARNING * * *
You feel sick.
You see here a +0 dagger of venom.
Okay, then.
Okay, then.
* * * LOW HITPOINT WARNING * * *
You feel sick.
There is a stone staircase leading down here.
* * * LOW HITPOINT WARNING * * *
You feel sick.
You climb downwards.
Level annotation: Robin
* * * LOW HITPOINT WARNING * * *
You feel sick.
The goblin shoots a sling bullet.
The sling bullet barely misses you.
Robin hits you with a +1 dagger of draining.
You feel drained.
You hear a shout!
There is a stone staircase leading up here.
You hit Robin.
Robin is moderately wounded.
You die...

#### ..# ############
#.# #.....g.g...
###.###.####.#########.
#.....@†g....##### #.
#...###g.).......... #g
#. #.....#######. #g
.....#.#.# #)
####...#.# #. #####.#
## ... #.. ..#


You could see Robin and a goblin.

Vanquished Creatures
  An adder (D:2)
  An orc (D:3)
  2 bats
  An endoplasm (D:2)
  5 giant cockroaches
  5 goblins
  6 hobgoblins
  A kobold (D:2)
  A quokka (D:1)
  4 ball pythons (D:1)
  A frilled lizard (D:2)
  4 rats
32 creatures vanquished.

Vanquished Creatures (others)
  2 foxfires (D:1)
2 creatures vanquished.

Grand Total: 34 creatures vanquished

Notes
Turn   | Place    | Note
-------+----------+-------------------------------------------
     0 | D:1      | SnakkuSnakku7 the Vine Stalker Fire Elementalist began the
                  | quest for the Orb.
     0 | D:1      | Reached XP level 1. HP: 9/9 MP: 4/4
   234 | D:1      | Reached skill level 1 in Unarmed Combat
   234 | D:1      | Reached XP level 2. HP: 12/14 MP: 6/6
   238 | D:1      | Reached skill level 1 in Fighting
   817 | D:2      | Reached XP level 3. HP: 11/18 MP: 4/7
  1419 | D:3      | Noticed Robin
  1480 | D:3      | Succumbed to a goblin's poison

Illustrated notes

Levels and vault maps discovered:
D:1:      minmay_arrival_checkered_box, layout_loops_ring, st_stairs_2
D:2:      layout_loops_ring
D:3:      layout_loops_ring, uniq_robin

Skill      XL: |  1  2  3 |
---------------+----------+-----
Unarmed Combat | 1 2 |  2.1
Fighting       | 1 |  1.9
Dodging        | |  1.5
Stealth        | |  2.4
Spellcasting   | |  2.1
Conjurations   | |  1.0
Fire Magic     | |  3.0

Action                     || total
---------------------------++-------
  Melee: Unarmed           ||   106
         Bite              ||    28
         Punch             ||     1
   Cast: Foxfire           ||     2
   Stab: Sleeping          ||     3
 Armour: Robe              ||    20
  Dodge: Dodged            ||    64
